 Dungeon Crawl Stone Soup version 0.18.1-6-gd335043 (webtiles) character file.

749 shmeve the Ducker (level 7, -2/50 HPs)
             Began as an Octopode Berserker on May 18, 2016.
             Was a Believer of Trog.
             Shot with an arrow by a centaur (15 damage)
             ... on level 5 of the Dungeon.
             The game lasted 00:08:09 (3287 turns).

shmeve the Ducker (Octopode Berserker)              Turns: 3287, Time: 00:08:10

Health: -2/50      AC:  1    Str: 18    XL:     7   Next: 77%
Magic:  7/7        EV: 14    Int:  9    God:    Trog [**....]
Gold:   146        SH:  0    Dex: 12    Spells: 0 memorised, 6 levels left

rFire  . . .     SeeInvis .     a - +0 hand axe
rCold  . . .     Gourm    .     (no shield)
rNeg   . . .     Faith    .     (helmet restricted)
rPois  .         Spirit   .     (no amulet)
rElec  .         Dismiss  .     m - ring of sustain attributes
rCorr  .         Reflect  .     (no ring)
SustAt +         Harm     .     (no ring)
MR     .....                    (no ring)
Stlth  ++++......               (no ring)
                                (no ring)
                                (no ring)
                                (no ring)

@: not resistant to hostile enchantments, stealthy
A: almost no armour, amphibious, 8 rings, constrict 8, camouflage 1, gelatinous
body 1
a: Berserk, Trog's Hand, Burn Spellbooks, Renounce Religion


You were on level 5 of the Dungeon.
You worshipped Trog.
Trog was pleased with you.
You were not hungry.

You visited 1 branch of the dungeon, and saw 5 of its levels.

You collected 146 gold pieces.

Inventory:

Hand Weapons
 a - a +0 hand axe (weapon)
Jewellery
 m - a ring of sustain attributes (left tentacle)
Scrolls
 c - 4 scrolls of random uselessness {unknown}
 e - 2 scrolls of teleportation {unknown}
 h - a scroll of blinking {unknown}
 i - 5 scrolls of identify {unknown}
 n - a scroll of enchant weapon {unknown}
 r - 2 scrolls of enchant armour {unknown}
Potions
 d - a potion of agility {unknown}
 g - 2 potions of degeneration {unknown}
 j - a potion of resistance {unknown}
 k - a potion of haste {unknown}
 l - a potion of mutation {unknown}
 o - a potion of might {unknown}
 p - a potion of curing {unknown}
 q - 2 potions of flight {unknown}
 s - a potion of magic {unknown}
Comestibles
 b - 2 bread rations
 f - 5 meat rations
 t - 3 chunks of flesh


   Skills:
 * Level 5.1 Fighting
 * Level 5.2 Axes
 * Level 5.4 Dodging
 + Level 4.8 Stealth


You had 6 spell levels left.
You didn't know any spells.

Dungeon Overview and Level Annotations

Branches:
Dungeon (5/15)
 Temple: D:4-7

Altars:
Ashenzari
Cheibriados
Dithmenos
Gozag
Makhleb
Nemelex Xobeh
Trog


Innate Abilities, Weirdness & Mutations

You cannot wear most types of armour.
You are amphibious.
You can wear up to eight rings at the same time.
You can use your tentacles to constrict eight enemies at once.
Your skin changes colour to match your surroundings (Stealth).
Your rubbery body absorbs attacks (AC +1).


Message History

You now have 146 gold pieces (gained 9).
You feel sick.
You feel sick.
You feel sick.
You feel sick.
You feel sick.
A centaur comes into view.
The centaur shouts!
The centaur wields a shortbow.
The centaur shoots an arrow.
The arrow closely misses you.
The centaur shoots an arrow.
The arrow hits you!
Found a scroll labeled SAVEV OSHRA.
You see here 2 arrows.
The centaur shoots an arrow.
The arrow hits you!
* * * LOW HITPOINT WARNING * * *
You see here an arrow.
You feel sick.
You are no longer poisoned.
The centaur shoots an arrow.
The arrow barely misses you.
The centaur shoots an arrow.
The arrow hits you!
You die...

####..........##.........#
........########.........#
..........# #............
........#.#####.............
.........................##.
.......##(...##............
####....(...###......).....
....#....(..?...#
........?..@...###
...###........c...o .
.......#.###.... .....#.#.#
... .######.#.. .. #.###. #.


You could see a centaur and an orc (wandering).

Vanquished Creatures
  Pikel (D:4)
  4 slaves (D:4)
  A phantom (D:4)
  A giant frog skeleton (D:4)
  An iguana (D:4)
  3 worker ants
  A hound skeleton (D:4)
  4 adders
  An ooze (D:2)
  4 worms
  2 dart slugs
  A giant gecko (D:2)
  2 giant cockroaches (D:3)
  9 goblins
  9 hobgoblins
  2 quokkas
  5 bats
  3 giant newts
  8 kobolds
  7 rats
69 creatures vanquished.

Notes
Turn   | Place    | Note
--------------------------------------------------------------
     0 | D:1      | shmeve the Octopode Berserker began the quest for the Orb.
     0 | D:1      | Reached XP level 1. HP: 16/16 MP: 1/1
   164 | D:1      | Reached XP level 2. HP: 16/21 MP: 2/2
   317 | D:1      | Reached skill level 1 in Stealth
   514 | D:1      | Reached ** piety under Trog
   543 | D:1      | Reached XP level 3. HP: 25/26 MP: 3/3
  1010 | D:2      | Found a shadowy altar of Dithmenos.
  1375 | D:2      | Reached XP level 4. HP: 10/31 MP: 4/4
  1861 | D:3      | Found a snail-covered altar of Cheibriados.
  1861 | D:3      | Found a bloodstained altar of Trog.
  2023 | D:3      | Found a sparkling altar of Nemelex Xobeh.
  2072 | D:3      | Found a shattered altar of Ashenzari.
  2445 | D:4      | Noticed a slave
  2446 | D:4      | Noticed a slave
  2446 | D:4      | Noticed a slave
  2457 | D:4      | Killed a slave
  2465 | D:4      | Killed a slave
  2476 | D:4      | Noticed a slave
  2477 | D:4      | Noticed Pikel
  2488 | D:4      | Killed a slave
  2492 | D:4      | Killed Pikel
  2492 | D:4      | Reached skill level 5 in Dodging
  2492 | D:4      | Reached XP level 5. HP: 38/38 MP: 5/5
  2492 | D:4      | Reached XP level 6. HP: 44/44 MP: 6/6
  2492 | D:4      | Reached XP level 7. HP: 49/49 MP: 7/7
  2662 | D:4      | Found a burning altar of Makhleb.
  2755 | D:4      | Reached skill level 5 in Axes
  3010 | D:4      | Reached skill level 5 in Fighting
  3157 | D:4      | Found an opulent altar of Gozag.
  3256 | D:5      | Entered Level 5 of the Dungeon
  3287 | D:5      | Shot with an arrow by a centaur

Skill      XL: |  1  2  3  4  5  6  7 |
---------------+----------------------+-----
Stealth        | 1 2 4 |  4.8
Dodging        | 5 |  5.4
Fighting       | 4 5 |  5.1
Axes           | 4 5 |  5.2

Action                   |  1- 3 |  4- 6 |  7- 9 || total
-------------------------+-------+-------+-------++-------
Melee: Hand axe          |    75 |    55 |    37 ||   167
       Tentacles         |    14 |    15 |    10 ||    39
       Constrict         |    17 |    14 |     7 ||    38
Invok: Trog's Hand       |       |     3 |       ||     3
       Berserk           |       |     2 |       ||     2
 Stab: Sleeping          |    12 |     3 |     3 ||    18
       Distracted        |       |       |     1 ||     1
  Eat: Chunk             |     1 |     4 |     4 ||     9
       Beef jerky        |       |     1 |       ||     1
Armor: Skin              |     6 |     2 |     3 ||    11
Dodge: Dodged            |    50 |    37 |    16 ||   103
